 Dungeon Crawl Stone Soup version 0.16.0-11-gd45b091 (webtiles) character file.

1424 Chiseanne the Insei (level 8, -1/44 HPs)
             Began as a Vine Stalker Monk on Mar 17, 2015.
             Was a Believer of Makhleb.
             Slain by a mummy (13 damage)
             ... in an ossuary.
             The game lasted 00:10:56 (4689 turns).

Chiseanne the Insei (Vine Stalker Monk)             Turns: 4689, Time: 00:10:57

Health: -1/44      AC:  6    Str: 14    XL:     8   Next: 72%
Magic:  0/11       EV:  7    Int: 10    God:    Makhleb [**....]
Gold:   237        SH: 12    Dex: 19    Spells: 0 memorised, 7 levels left

rFire  . . .     SeeInvis .       - Unarmed
rCold  . . .     Clarity  .     i - +0 scale mail (curse)
rNeg   . . .     SustAb   .     v - +0 large shield (curse)
rPois  .         Gourm    .     (no helmet)
rElec  .         Spirit   +     (no cloak)
rCorr  .         Warding  .     (no gloves)
rMut   .         Stasis   .     (no boots)
MR     +....                    (no amulet)
Stlth  +.........               (no ring)
                                (no ring)

@: somewhat resistant to hostile enchantments, very unstealthy
A: fangs 3, regeneration 2, magic shield, antimagic bite, no device heal 3, rot
immunity
a: Minor Destruction, Renounce Religion


You were in an ossuary.
You worshipped Makhleb.
Makhleb was pleased with you.
You were not hungry.

You visited 2 branches of the dungeon, and saw 7 of its levels.
You also visited: Sewer and Ossuary.

You collected 237 gold pieces.

Inventory:

Missiles
 g - a throwing net (quivered)
 m - 7 tomahawks
Armour
 i - a cursed +0 scale mail (worn)
 v - a cursed +0 large shield (worn)
Scrolls
 a - a scroll of enchant armour {unknown}
 c - a scroll of recharging {unknown}
 d - 3 scrolls of identify {unknown}
 h - 6 scrolls of magic mapping {unknown}
 k - a scroll of enchant weapon {unknown}
 t - a scroll of amnesia {unknown}
 y - a scroll of fog {unknown}
 z - a scroll of teleportation {unknown}
Potions
 e - 2 potions of degeneration {unknown}
 j - 3 potions of haste {unknown}
 l - a potion of berserk rage {unknown}
 n - a potion of curing {unknown}
 o - a potion of brilliance {unknown}
 p - a potion of magic {unknown}
 q - a potion of might {unknown}
 r - 2 potions of heal wounds {unknown}
 s - a potion of agility {unknown}
 u - 2 potions of mutation {unknown}
Comestibles
 b - 4 bread rations
 f - a slice of pizza
 x - a meat ration


   Skills:
 * Level 5.8 Fighting
 * Level 1.7 Armour
 * Level 5.0 Dodging
 - Level 2.4 Stealth
 * Level 1.3 Shields
 * Level 7.5 Unarmed Combat


You had 7 spell levels left.
You didn't know any spells.

Dungeon Overview and Level Annotations

Branches:
Dungeon (6/15)             Temple (1/1) D:4

Altars:
Ashenzari
Cheibriados
Dithmenos
Elyvilon
Fedhas
Gozag
Kikubaaqudgha
Makhleb
Nemelex Xobeh
Okawaru
Qazlal
Ru
Sif Muna
Trog
Vehumet
Xom
Yredelemnul
Zin
The Shining One

Shops:
D:5 (


Innate Abilities, Weirdness & Mutations

You have razor-sharp teeth.
You heal very quickly.
When hurt, damage is shared between your health and your magic reserves.
Your bite disrupts and absorbs the magic of your enemies.
Potions and wands cannot restore your health.
You are immune to rotting.


Message History

The mummy is almost destroyed.
You hit the mummy but do no damage.
The mummy is almost destroyed.
The mummy hits you! The mummy hits you but does no damage.
You punch the mummy!
You destroy the mummy!
Makhleb accepts your kill.
You feel a little better.
You feel nervous for a moment...
Your +0 large shield glows black for a moment.
The mummy hits you. The mummy hits you!
Your shield prevents you from hitting the mummy.
You bite the mummy, but do no damage. The mummy hits you!
* * * LOW HITPOINT WARNING * * *
You block the mummy's attack.
You hit the mummy.
The mummy is lightly damaged.
The mummy hits you!
You die...

### ≈≈ #.# #P#P
###+#'#+#.≈≈≈.≈
#.'Z....M.≈...≈
###M##'##'##Z##
#.M@#...#
###M#.∩.#
+M#..∩# #.#####
+.. #.# +.# #.#
'.#


You could see 4 mummies and a killer bee zombie.

Vanquished Creatures
  The ghost of Chiseanne the Ruffian, an average VSMo of Gozag (D:3)
  A sky beast (D:5)
  An ogre (D:5)
  2 giant frogs
  6 big kobolds (Sewer)
  3 hounds
  A goliath beetle (D:6)
  2 centaur zombies
  An orc wizard (D:5)
  4 worker ants
  Jessica (D:2)
  Terence (D:2)
  2 mummies (Ossuary)
  9 adders
  8 worms
  5 giant geckos
  5 oozes (Sewer)
  2 orcs (D:4)
  7 ball pythons
  10 bats
  A bat skeleton (D:3)
  2 bat zombies (Ossuary)
  9 giant cockroaches
  11 hobgoblins
  15 jackals
  13 kobolds
  3 giant newts
  7 goblins
  2 quokkas
  8 rats
143 creatures vanquished.

Notes
Turn   | Place    | Note
--------------------------------------------------------------
     0 | D:1      | Chiseanne, the Vine Stalker Monk, began the quest for the Orb.
     0 | D:1      | Reached XP level 1. HP: 11/11 MP: 1/1
   213 | D:1      | Reached XP level 2. HP: 13/16 MP: 3/3
   717 | D:2      | Noticed Terence
   740 | D:2      | Killed Terence
   740 | D:2      | Reached XP level 3. HP: 20/20 MP: 4/4
   890 | D:2      | Reached XP level 4. HP: 24/24 MP: 3/5
   983 | D:2      | Reached skill level 5 in Unarmed Combat
  1155 | D:2      | Noticed Jessica
  1163 | D:2      | Killed Jessica
  1163 | D:2      | Reached XP level 5. HP: 25/28 MP: 5/7
  1543 | D:3      | Noticed Chiseanne's ghost (average VSMo)
  1553 | D:3      | Killed Chiseanne's ghost
  1553 | D:3      | Gained mutation: You heal very quickly. [vine stalker growth]
  1553 | D:3      | Reached XP level 6. HP: 20/33 MP: 8/8
  2168 | D:4      | Found a glowing drain.
  2204 | Sewer    | Entered a sewer
  2294 | Sewer    | Reached skill level 6 in Unarmed Combat
  2294 | Sewer    | Reached XP level 7. HP: 36/38 MP: 9/9
  2533 | Sewer    | Reached skill level 5 in Fighting
  2894 | D:4      | Found a staircase to the Ecumenical Temple.
  2963 | Temple   | Entered the Ecumenical Temple
  3010 | Temple   | Became a worshipper of Makhleb the Destroyer
  3010 | Temple   | Acquired Makhleb's first power
  3010 | Temple   | Acquired Makhleb's second power
  3108 | D:4      | Gained mutation: You have razor-sharp teeth. [vine stalker growth]
  3108 | D:4      | Reached XP level 8. HP: 15/43 MP: 11/11
  3459 | D:4      | Found an opulent altar of Gozag.
  3704 | D:5      | Entered Level 5 of the Dungeon
  3753 | D:5      | Reached skill level 7 in Unarmed Combat
  3924 | D:5      | Found Shroistri's Antique Weapon Boutique.
  4267 | D:5      | Reached skill level 1 in Armour
  4598 | D:6      | Reached skill level 5 in Dodging
  4598 | D:6      | Reached skill level 1 in Shields
  4663 | D:6      | Found a sand-covered staircase.
  4668 | Ossuary  | Entered an ossuary
  4689 | Ossuary  | Slain by a mummy

Action                   |  1- 3 |  4- 6 |  7- 9 || total
-------------------------+-------+-------+-------++-------
Melee: Unarmed           |    79 |   150 |   230 ||   459
 Stab: Sleeping          |     1 |       |       ||     1
  Eat: Chunk             |       |     4 |     8 ||    12
